 Dungeon Crawl Stone Soup version 0.31.0-32-g396128a36d (webtiles) character file.

Game seed: 1781890035371656567

128 Alphaeus the Ruffian (level 4, 0/29 HPs)
             Began as a Troll Shapeshifter on Mar 19, 2024.
             Was a Follower of Okawaru.
             Slain by a gnoll
             ... wielding a +0 spear
              (2 damage)
             ... on level 4 of the Dungeon.
             The game lasted 00:02:13 (2648 turns).

Alphaeus the Ruffian (Troll Shapeshifter)           Turns: 2648, Time: 00:02:13

Health: 0/29       AC:  2    Str: 24    XL:     4   Next: 87%
Magic:  3/3        EV: 13    Int:  6    God:    Okawaru [*.....]
Gold:   155        SH:  0    Dex:  9    Spells: 3/3 levels left

rFire   . .          .
                       - Unarmed
rCold   . . .        (shield currently unavailable)
rNeg    . . .        a - melded +0 animal skin
rPois   .            (helmet restricted)
rElec   .            (no cloak)
rCorr   .            (gloves unavailable)
SInv    .            (boots unavailable)
Will    .....        (no amulet)
Stlth   +            (no ring)
HPRegen 1.04/turn    (no ring)
MPRegen 0.08/turn

%: no passive effects
@: mighty, flux-form, attractive, glowing
A: glow, contaminating, reduced hp, large, unfitting armour, claws 3,
regeneration 1, shaggy fur 1, tough skin 1
a: Begin Untransformation, Renounce Religion, Heroism


You were on level 4 of the Dungeon.
You worshipped Okawaru.
Okawaru was aware of your devotion.
You were something dangerously unstable.
You visited 1 branch of the dungeon, and saw 4 of its levels.

You collected 155 gold pieces.

Inventory:

Armour
 a - a +0 animal skin (melded)
Talismans
 c - a beast talisman
 d - a flux talisman (active)
Scrolls
 f - 2 scrolls of poison {unknown}
 h - a scroll of revelation {unknown}
 i - a scroll of blinking {unknown}
 l - a scroll of amnesia {unknown}
 n - a scroll of fog {unknown}
 o - 5 scrolls of identify {unknown}
 p - a scroll of teleportation {unknown}
Potions
 b - a potion of lignification
 e - a potion of enlightenment {unknown}
 g - 2 potions of might
 j - a potion of invisibility {unknown}
 k - a potion of degeneration {unknown}
 m - a potion of attraction
 q - a potion of curing {unknown}


   Skills:
 + Level 1.7 Fighting
 - Level 1.5 Dodging
 * Level 4.2 Unarmed Combat
 * Level 4.0 Shapeshifting


You had 3 spell levels left.
You didn't know any spells.
Your spell library contained the following spells:

 Spells                   Type           Power      Damage    Failure   Level
 Volatile Blastmotes      Fire/Tloc      0%         2d10      83%         3
 Fulminant Prism          Conj/Alch      0%         3d5       99%         4
 Iskenderun's Mystic Bla  Conj/Tloc      0%         2d3       99%         4


Dungeon Overview and Level Annotations

Branches:
Dungeon (4/15)
 Temple: D:4-7

Altars:
Okawaru

Shops:
D:2 :

Annotations:
D:4 1 runed translucent door, Crazy Yiuf


Innate Abilities, Weirdness & Mutations

You are something dangerously unstable.
You glow with magical radiation, making you easy to see and hit.
Foes you strike become dangerously contaminated with magical radiation.
Your maximum health is decreased, since you lack skill for your form.
You are incapable of wielding weapons or throwing items.
You are too large for most types of armour.
You have claws for hands.
Your natural rate of healing is unusually fast.
You are covered in fur. (AC +1)
You have tough skin. (AC +1)


Message History

You are too injured to fight recklessly!
You are too injured to fight recklessly!
You are too injured to fight recklessly!
You are too injured to fight recklessly!
You are too injured to fight recklessly!
You are too injured to fight recklessly!
You are too injured to fight recklessly!
You are too injured to fight recklessly!
You are too injured to fight recklessly!
You are too injured to fight recklessly!
You are too injured to fight recklessly!
You are too injured to fight recklessly!
You are too injured to fight recklessly!
You are too injured to fight recklessly!
Unknown command.
You scratch the hobgoblin.
The hobgoblin begins to glow.
The hobgoblin is almost dead.
The hobgoblin hits you.
The gnoll hits you from afar with a +0 spear!
* * * LOW HITPOINT WARNING * * *
You scratch the hobgoblin but do no damage.
The hobgoblin glows dangerously bright.
The hobgoblin is almost dead.
The hobgoblin closely misses you. The gnoll closely misses you.
You claw the hobgoblin!
You kill the hobgoblin!
Okawaru accepts your kill. The gnoll barely misses you.
It was a potion of might.
You feel very mighty all of a sudden.
The gnoll hits you from afar with a +0 spear.
* * * LOW HITPOINT WARNING * * *
The gnoll hits you with a +0 spear.
* * * LOW HITPOINT WARNING * * *
The gnoll closely misses you.
You see here a hobgoblin corpse.
It was a potion of attraction.
You feel attractive to monsters. The gnoll closely misses you.
The gnoll hits you with a +0 spear.
You die...

#. # ..# #.#. .# #.
... ##..#. .##... ...
.#...# #...... ...##
..##.# ....#
....####.#
#.####....## ........#
#....pg....# ........#
#...g#.$.....
#.....####.#####......
#..##..##..# .#....
#.####....## . ... #.#
#..#.# .# .. #.#
#.###.# . . ###.###.##
... .# ..†.#...# .##.


You could see 2 gnolls.

Vanquished Creatures
  3 adders
  2 gnolls (D:4)
  3 dart slugs
  3 ribbon worms
  3 orcs (D:3)
  3 endoplasms
  3 giant cockroaches
  6 goblins
  5 hobgoblins
  3 jackals (D:1)
  6 kobolds
  3 quokkas
  6 ball pythons
  8 bats
  2 frilled lizards (D:1)
  7 rats
66 creatures vanquished.

Vanquished Creatures (others)
  A kobold (D:2)
1 creature vanquished.

Grand Total: 67 creatures vanquished

Notes
Turn   | Place    | Note
-------+----------+-------------------------------------------
     0 | D:1      | Alphaeus the Troll Shapeshifter began the quest for the
                  | Orb.
     0 | D:1      | Reached XP level 1. HP: 18/18 MP: 0/0
   170 | D:1      | Reached skill level 1 in Fighting
   173 | D:1      | Reached XP level 2. HP: 13/27 MP: 1/1
   194 | D:1      | Found a faded altar of an unknown god.
   223 | D:1      | Prayed at the altar of an unknown god.
   223 | D:1      | Became a worshipper of Warmaster Okawaru
   223 | D:1      | Reached * piety under Okawaru
   884 | D:2      | Reached XP level 3. HP: 20/33 MP: 2/2
  1002 | D:2      | You fall into a shaft and drop 1 floor!
  1116 | D:2      | Found Cuqurph's Book Shoppe.
  1690 | D:3      | Reached XP level 4. HP: 27/41 MP: 3/3
  2470 | D:4      | Found a runed translucent door.
  2471 | D:4      | Noticed Crazy Yiuf
  2647 | D:4      | HP: 1/29 [gnoll/+0 spear (2)]
  2648 | D:4      | Slain by a gnoll

Illustrated notes

Levels and vault maps discovered:
D:1:      dpeg_arrival_erosion, layout_basic, basic_ecumenical_altar
D:2:      layout_loops_ring, serial_shops, nicolae_shop_back_alley_shop,
          dreamdust_wishing_well
D:3:      layout_basic
D:4:      layout_layer_cave, kennysheep_pointless_box, uniq_menkaure,
          uniq_crazy_yiuf_cottage

Skill      XL: |  1  2  3  4 |
---------------+-------------+-----
Fighting       | 1 |  1.7
Unarmed Combat | 4 |  4.2
Shapeshifting  | 4 |  4.0
Dodging        | |  1.5

Action                     |  1- 3 |  4- 6 || total
---------------------------+-------+-------++-------
  Melee: Unarmed           |   116 |    68 ||   184
    Use: Potion            |       |     2 ||     2
 Armour: Skin              |    42 |    33 ||    75
  Dodge: Dodged            |    77 |    49 ||   126
   Form: Flux              |     1 |       ||     1
